 Dungeon Crawl Stone Soup version 0.28.0-47-ge53b351184 (webtiles) character file.

Game seed: 10521907403716461833

216 Bamboolord the Slasher (level 5, 0/41 HPs)
             Began as a Demonspawn Gladiator on May 8, 2022.
             Killed by nerve-wracking pain
             ... invoked by Jessica
              (10 damage)
             ... on level 3 of the Dungeon on May 9, 2022.
             The game lasted 00:06:52 (2885 turns).

Bamboolord the Slasher (Demonspawn Gladiator)       Turns: 2885, Time: 00:06:53

Health: 0/41       AC:  5    Str: 15    XL:     5   Next: 61%
Magic:  5/5        EV: 14    Int:  9    God:
Gold:   170        SH:  0    Dex: 16    Spells: 4/4 levels left

rFire   . . .      SeeInvis .   a - +0 long sword
rCold   . . .      Faith    .   (no shield)
rNeg    . . .      Spirit   .   b - +0 leather armour
rPois   .          Reflect  .   c - +0 helmet
rElec   .          Harm     .   (no cloak)
rCorr   .          Rampage  .   e - +0 pair of gloves
Will    .....                   (no boots)
Stlth   +.........              (no amulet)
HPRegen 0.13/turn               (no ring)
MPRegen 0.09/turn               (no ring)

@: no status effects
A: hooves 1, repulsion field 1, powered by pain 2
a: no special abilities


You were on level 3 of the Dungeon.
You visited 1 branch of the dungeon, and saw 3 of its levels.

You collected 170 gold pieces.

Inventory:

Hand Weapons
 a - a +0 long sword (weapon)
Missiles
 d - 3 throwing nets (quivered)
Armour
 b - a +0 leather armour (worn)
 c - a +0 helmet (worn)
 e - a +0 pair of gloves (worn)
Scrolls
 f - a scroll of fear {unknown}
 g - a scroll of teleportation {unknown}
 i - a scroll of identify {unknown}
Potions
 h - 3 potions of cancellation {unknown}
 j - 2 potions of heal wounds {unknown}
 k - a potion of mutation {unknown}
 l - a potion of resistance {unknown}
 m - a potion of flight {unknown}


   Skills:
 * Level 3.0 Fighting
 * Level 4.5 Long Blades
 - Level 1.7 Throwing
 * Level 2.1 Armour
 + Level 3.1 Dodging


You had 4 spell levels left.
You didn't know any spells.
Your spell library was empty.

Dungeon Overview and Level Annotations

Branches:
Dungeon (3/15)

Altars:

Shops:
D:1 ?

Annotations:
D:3 Jessica


Innate Abilities, Weirdness & Mutations

You have large cloven feet.
You are surrounded by a mild repulsion field. (EV +2)
You sometimes gain power by taking damage.


Message History

Jessica points at you and mumbles some strange words.
Pain shoots through your body!
Jessica mumbles some strange words.
Jessica blinks!
Unknown command.
You close the door, pushing everything out of the way.
Things that are here:
a +0 leather armour; a +0 hand axe; an orc corpse Jessica opens the door.
You feel yourself speed up.
Jessica mumbles some strange words.
Jessica blinks!
There is an open door here.
You close the door.
Jessica breaks down the door.
Jessica hits you but does no damage.
There is a broken door here.
You are too injured to fight recklessly!
You are too injured to fight recklessly!
You are too injured to fight recklessly!
You barely miss Jessica. You kick Jessica.
Jessica is heavily wounded.
Jessica completely misses you. Jessica casts a spell at you.
You barely resist. You barely miss Jessica.
Jessica is heavily wounded.
Jessica completely misses you. x2
You closely miss Jessica. You kick Jessica.
Jessica is severely wounded.
Jessica is no longer moving quickly.
Jessica gestures at you while chanting. Pain shoots through your body!
* * * LOW HITPOINT WARNING * * *
You hit Jessica.
Jessica is almost dead.
Jessica closely misses you.
Jessica points at you and mumbles some strange words.
Pain shoots through your body!
You die...

#########.##......#.#..# ....
#...................#... ####
#............#........## #
#................... .# #
#.......#...####+####.# #..
#..........##≈≈≈.≈≈≈#.###....
#.........###≈.....≈#........
#....†).....#≈.#8#.≈#).#.....
#.....†..#..@@)###.[')...@..
#........#..#≈.#8#.≈####....
##.......#..#≈.....≈# .
#.......#..#≈≈≈.≈≈≈#
#.......#..####+####
#########... #... #####


You could see Jessica.

Vanquished Creatures
  Natasha (thrice) (D:2)
  Robin (D:2)
  3 gnolls (D:2)
  3 adders
  4 dart slugs
  5 orcs (D:3)
  4 bats
  An endoplasm (D:1)
  A giant cockroach (D:2)
  13 goblins
  5 hobgoblins
  4 jackals (D:2)
  5 ball pythons
  5 frilled lizards
  4 kobolds
  A rat (D:2)
62 creatures vanquished.

Notes
Turn   | Place    | Note
-------+----------+-------------------------------------------
     0 | D:1      | Bamboolord the Demonspawn Gladiator began the quest for the
                  | Orb.
     0 | D:1      | Reached XP level 1. HP: 16/16 MP: 1/1
   199 | D:1      | Reached skill level 3 in Long Blades
   235 | D:1      | Gained mutation: You are surrounded by a mild repulsion
                  | field. (EV +2) [demonic ancestry]
   235 | D:1      | Reached XP level 2. HP: 12/22 MP: 2/2
   526 | D:1      | Found a faded altar of an unknown god.
   909 | D:1      | Found Diotzak's Magic Scroll Shoppe.
  1213 | D:2      | Noticed Natasha
  1224 | D:2      | Killed Natasha
  1225 | D:2      | Reached skill level 1 in Armour
  1225 | D:2      | Gained mutation: You have large cloven feet. [demonic
                  | ancestry]
  1225 | D:2      | Reached XP level 3. HP: 22/27 MP: 3/3
  1309 | D:2      | Noticed Robin
  1335 | D:2      | Killed Robin
  1340 | D:2      | Gained mutation: You sometimes gain a little power by
                  | taking damage. [demonic ancestry]
  1340 | D:2      | Reached XP level 4. HP: 11/34 MP: 4/4
  1487 | D:2      | Noticed Natasha
  1623 | D:2      | Killed Natasha
  1894 | D:2      | Noticed Natasha
  1907 | D:2      | Killed Natasha
  1908 | D:2      | Reached skill level 4 in Long Blades
  1908 | D:2      | Gained mutation: You sometimes gain power by taking damage.
                  | [demonic ancestry]
  1908 | D:2      | Reached XP level 5. HP: 32/40 MP: 5/5
  2856 | D:3      | Noticed Jessica
  2885 | D:3      | Killed from afar by Jessica

Illustrated notes

Levels and vault maps discovered:
D:1:      lemuel_arrival_tunnels, layout_basic, basic_ecumenical_altar,
          serial_shops, nicolae_shop_trees
D:2:      layout_basic, hex_medium, uniq_robin, uniq_natasha
D:3:      layout_rooms, nicolae_overflow_hidden_temple,
          kennysheep_generic_room_11, uniq_jessica

Skill      XL: |  1  2  3  4  5 |
---------------+----------------+-----
Long Blades    | 3 4 |  4.5
Armour         | 1 2 |  2.1
Dodging        | 3 |  3.1
Fighting       | 3 |  3.0
Throwing       | |  1.7

Action                   |  1- 3 |  4- 6 || total
-------------------------+-------+-------++-------
Melee: Long sword        |    85 |    95 ||   180
       Kick              |     5 |    24 ||    29
       Punch             |     3 |     1 ||     4
 Stab: Sleeping          |     2 |     1 ||     3
Armor: Leather armour    |    31 |    16 ||    47
       Skin              |       |     2 ||     2
Dodge: Dodged            |    74 |    62 ||   136
